 Dungeon Crawl Stone Soup version 0.17-a0-1701-gf693a3f (webtiles) character file.

153 urechis the Skirmisher (level 5, -3/38 HPs)
             Began as an Octopode Fighter on Aug 21, 2015.
             Slain by an orc
             ... wielding a +0 whip
              (4 damage)
             ... on level 3 of the Dungeon.
             The game lasted 00:03:08 (1934 turns).

urechis the Skirmisher (Octopode Fighter)           Turns: 1934, Time: 00:03:08

Health: -3/38      AC:  1    Str: 15    XL:     5   Next: 35%
Magic:  5/5        EV: 10    Int: 11    God:
Gold:   115        SH:  8    Dex: 12    Spells: 0 memorised, 4 levels left

rFire  . . .     SeeInvis .     a - +0 long sword
rCold  . . .     Clarity  .     b - +0 shield
rNeg   . . .     SustAt   .     (helmet restricted)
rPois  .         Gourm    .     (no amulet)
rElec  .         Spirit   .     (no ring)
rCorr  .         Warding  .     (no ring)
rMut   .         Stasis   .     (no ring)
MR     .....                    (no ring)
Stlth  ++........               (no ring)
                                (no ring)
                                (no ring)
                                (no ring)

@: not resistant to hostile enchantments, unstealthy
A: almost no armour, amphibious, 8 rings, constrict 8, camouflage 1, gelatinous
body 1
a: no special abilities


You were on level 3 of the Dungeon.
You were not hungry.

You visited 1 branch of the dungeon, and saw 3 of its levels.

You collected 115 gold pieces.

Inventory:

Hand weapons
 a - a +0 long sword (weapon)
Armour
 b - a +0 shield (worn)
Scrolls
 f - 4 scrolls of identify {unknown}
 i - 2 scrolls of noise {unknown}
 k - 4 scrolls of remove curse {unknown}
 m - a scroll of random uselessness {unknown}
 o - a scroll of fear {unknown}
Potions
 c - a potion of might
 e - a potion of cancellation
 j - a potion of heal wounds {unknown}
 l - a potion of cure mutation {unknown}
 n - a potion of curing {unknown}
 p - a potion of resistance {unknown}
Comestibles
 d - 3 bread rations
 g - a fruit
 h - a beef jerky


   Skills:
 + Level 4.6 Fighting
 + Level 4.0 Long Blades
 - Level 3.0 Dodging
 - Level 3.0 Shields


You had 4 spell levels left.
You didn't know any spells.

Dungeon Overview and Level Annotations

Branches:
Dungeon (3/15)

Altars:
Gozag
Nemelex Xobeh


Innate Abilities, Weirdness & Mutations

You cannot wear most types of armour.
You are amphibious.
You can wear up to eight rings at the same time.
You can use your tentacles to constrict eight enemies at once.
Your skin changes colour to match your surroundings (Stealth).
Your rubbery body absorbs attacks (AC +1).


Message History

You block the adder's attack. The adder barely misses you.
You miss the adder. Your grab misses the adder.
The adder is moderately wounded.
The adder misses you.
You hit the adder. Your grab misses the adder.
The adder is heavily wounded.
The adder bites you.
* * * LOW HITPOINT WARNING * * *
The orc barely misses you. The adder bites you.
* * * LOW HITPOINT WARNING * * *
You barely miss the adder. You grab the adder. Your squeeze misses the adder.
The adder is heavily wounded.
You hear the brisk rusting of a very distant drain.
You constrict the adder. The orc hits you with a whip.
* * * LOW HITPOINT WARNING * * *
You block the adder's attack. You block the orc's attack.
You slash the adder!
You kill the adder!
The orc hits you with a whip.
You die...

##.# ......# #..#
......# ..#### .....#
.....######...#
####>.......#.### #
###......#...## #
#......#....####
#######....†..o..###
................@†....#
##########........###..#
####....## #...## #..##
#..# #..## #...


You could see an orc.

Vanquished Creatures
  Crazy Yiuf (D:2)
  2 orc priests (D:3)
  2 adders (D:3)
  2 worms (D:2)
  2 giant geckos
  3 orcs (D:3)
  A ball python (D:1)
  A giant cockroach (D:3)
  5 hobgoblins
  5 kobolds
  A quokka (D:3)
  2 bats
  4 giant newts
  5 goblins
  7 rats
43 creatures vanquished.

Notes
Turn   | Place    | Note
--------------------------------------------------------------
     0 | D:1      | urechis the Octopode Fighter began the quest for the Orb.
     0 | D:1      | Reached XP level 1. HP: 16/16 MP: 1/1
   160 | D:1      | Reached XP level 2. HP: 21/21 MP: 2/2
  1126 | D:2      | Noticed Crazy Yiuf
  1133 | D:2      | Killed Crazy Yiuf
  1133 | D:2      | Reached XP level 3. HP: 13/27 MP: 3/3
  1409 | D:2      | Reached XP level 4. HP: 33/33 MP: 4/4
  1427 | D:2      | Reached skill level 4 in Fighting
  1540 | D:3      | Found a sparkling altar of Nemelex Xobeh.
  1632 | D:3      | Reached XP level 5. HP: 2/38 MP: 5/5
  1852 | D:3      | Found an opulent altar of Gozag.
  1933 | D:3      | HP: 1/38 [orc/whip (3)]
  1934 | D:3      | Slain by an orc

Vault maps used:
D:1:      onia_arrival_mini_maze
D:2:      uniq_crazy_yiuf_cottage
D:3:      fiery_altar_vehumet, old_standard_altar,
          nicolae_overflow_hidden_temple, portal_sewer_entry_d,
          lemuel_angel_altar

Action                   |  1- 3 |  4- 6 || total
-------------------------+-------+-------++-------
Melee: Long sword        |    45 |    39 ||    84
  Use: Potion            |       |     1 ||     1
 Stab: Sleeping          |     7 |     3 ||    10
  Eat: Chunk             |     1 |     2 ||     3
